 Dungeon Crawl Stone Soup version 0.31-a0-231-g51bb95cda3 (webtiles) character file.

Game seed: 13082572542405240580

163 qw the Shooter (level 5, -6/31 HPs)
             Began as a Gargoyle Hexslinger on July 6, 2023.
             Mangled by an iguana (8 damage)
             ... on level 4 of the Dungeon.
             The game lasted 00:01:05 (2367 turns).

qw the Shooter (Gargoyle Hexslinger)                Turns: 2367, Time: 00:01:05

Health: -6/31      AC:  9    Str: 12    XL:     5   Next: 44%
Magic:  6/6        EV: 11    Int: 13    God:
Gold:   191        SH:  0    Dex: 20    Spells: 5/6 levels left

rFire   + . .        Y - +1 sling
rCold   . . .        (no shield)
rNeg    + . .        b - +0 ring mail
rPois   inf          (no helmet)
rElec   +            (no cloak)
rCorr   +            (no gloves)
SInv    .            (no boots)
Will    .....        (no amulet)
Stlth   +            h - ring of resist corrosion
HPRegen 0.25/turn    c - ring of Hoomaog {rPois rF+ Dex+6}
MPRegen 0.10/turn

%: no passive effects
@: no status effects
A: sickness immunity, AC +4, negative energy resistance 1, electricity
resistance, torment resistance 1, petrification resistance
a: no special abilities


You were on level 4 of the Dungeon.
You visited 1 branch of the dungeon, and saw 4 of its levels.

You collected 191 gold pieces.


Innate Abilities, Weirdness & Mutations

You are immune to sickness and miasma.
Your stone body is resilient. (AC +4)
You are immune to poison.
You resist negative energy. (rN+)
You are resistant to electric shocks. (rElec)
You are resistant to unholy torment.
You are immune to petrification.


   Skills:
 - Level 2.3 Fighting
 + Level 4.9 Ranged Weapons
 - Level 1.0 Armour
 - Level 1.5 Dodging
 - Level 1.0 Spellcasting
 - Level 2.6 Hexes


You had 5 spell levels left.
You knew the following spells:

 Your Spells              Type           Power      Damage    Failure   Level
a - Slow                  Hex            28%        N/A       22%         1

Your spell library contained the following spells:

 Spells                   Type           Power      Damage    Failure   Level
 Inner Flame              Hex/Fire       4%         N/A       73%         3
 Portal Projectile        Hex/Tloc       8%         N/A       73%         3
 Cause Fear               Hex            3%         N/A       91%         4

Inventory:

Hand Weapons
 Y - a +1 sling (weapon)
Armour
 b - a +0 ring mail (worn)
Jewellery
 c - the ring of Hoomaog (right hand) {rPois rF+ Dex+6}
   (You found it on level 3 of the Dungeon)

   [ring of dexterity]

   Dex:       It affects your dexterity (+6).
   rF:        It protects you from fire.
   rPois:     It protects you from poison.
 e - a ring of fire
 h - a ring of resist corrosion (left hand)
Scrolls
 a - a scroll of identify
Potions
 d - a potion of curing
 f - a potion of might

Dungeon Overview and Level Annotations

Branches:
Dungeon (4/15)
 Temple: D:4-7

Altars:
Hepliaklqana
Makhleb
Okawaru
Qazlal
Sif Muna
Uskayaw
Vehumet
Xom
Yredelemnul
The Shining One

Shops:
D:1 :


Message History

Press < or > to pray at altars.
Press < or > to pray at altars.
You shoot a sling bullet.
The sling bullet barely misses the iguana.
You shoot a sling bullet.
The sling bullet barely misses the iguana.
You shoot a sling bullet.
The sling bullet barely misses the iguana.
The iguana barely misses you.
You shoot a sling bullet. The sling bullet hits the iguana.
The iguana is lightly wounded.
The iguana bites you.
You shoot a sling bullet.
The sling bullet hits the iguana but does no damage.
The iguana is lightly wounded.
The iguana bites you!
You shoot a sling bullet.
The sling bullet hits the iguana but does no damage.
The iguana is lightly wounded.
The iguana bites you.
You shoot a sling bullet.
The sling bullet barely misses the iguana.
The iguana closely misses you.
You shoot a sling bullet.
The sling bullet hits the iguana but does no damage.
The iguana is lightly wounded.
The iguana bites you. The iguana bites you!
You shoot a sling bullet. The sling bullet hits the iguana.
The iguana is moderately wounded.
The iguana bites you.
You shoot a sling bullet.
The sling bullet barely misses the iguana.
The iguana misses you.
You shoot a sling bullet.
The sling bullet hits the iguana but does no damage.
The iguana is moderately wounded.
The iguana barely misses you. The iguana closely misses you.
You shoot a sling bullet.
The sling bullet barely misses the iguana.
The iguana bites you!
You die...

#..###.....##
#..##..._...##
#..#.._..._..#
#..#....#....#
#.##._.###._.#
#.##...##....#
#.##..)#.._..#
#.#....#....##
#......#.@l##
##...#.#....#
#......#.._..._
#......##..._...#
#.###......###.....##
...........# ######
..#####.#...# #.##.##
#<# ##


You could see an iguana.

Vanquished Creatures
  Jessica (D:2)
  3 adders
  4 gnolls
  A worm (D:3)
  A dart slug (D:1)
  An orc (D:3)
  4 ball pythons
  6 endoplasms
  6 giant cockroaches
  2 goblins (D:1)
  9 hobgoblins
  2 jackals (D:3)
  3 quokkas
  8 bats
  2 frilled lizards
  4 kobolds
  6 rats
63 creatures vanquished.

Notes
Turn   | Place    | Note
-------+----------+-------------------------------------------
     0 | D:1      | qw the Gargoyle Hexslinger began the quest for the Orb.
     0 | D:1      | Reached XP level 1. HP: 12/12 MP: 2/2
     0 | D:1      | 0 ||| qw: Version: 0.3-a-46-gb1f654a
     0 | D:1      | 0 ||| qw: Game counter: 1872
     0 | D:1      | 0 ||| qw: Melee chars always use a shield: true
     0 | D:1      | 0 ||| qw: God list: Okawaru
     0 | D:1      | 0 ||| qw: Allow faded altars: false
     0 | D:1      | 0 ||| qw: Do Orc after clearing Dungeon:15 true
     0 | D:1      | 0 ||| qw: Do second Lair branch before Depths: true
     0 | D:1      | 0 ||| qw: Lair rune preference: random
     0 | D:1      | 0 ||| qw: Goals: Normal
     0 | D:1      | 0 ||| PLANNING D:1-11
   130 | D:1      | Reached XP level 2. HP: 16/16 MP: 3/3
   241 | D:1      | Reached skill level 3 in Ranged Weapons
   349 | D:1      | Reached XP level 3. HP: 21/21 MP: 4/4
   538 | D:1      | Found Esmuomenk's Book Emporium.
   587 | D:1      | Found a faded altar of an unknown god.
   763 | D:1      | 763 ||| UPGRADING to +0 leather armour.
   773 | D:1      | 773 ||| DROPPING +0 robe.
   774 | D:1      | 774 ||| READING 3 scrolls labelled ROJAR LUTO.
   775 | D:1      | 775 ||| DROPPING scroll of poison.
   950 | D:2      | Reached XP level 4. HP: 24/27 MP: 5/5
  1261 | D:2      | Noticed Jessica
  1270 | D:2      | Killed Jessica
  1271 | D:2      | Reached skill level 4 in Ranged Weapons
  1410 | D:2      | 1410 ||| UPGRADING to +0 ring mail.
  1420 | D:2      | 1420 ||| DROPPING +0 leather armour.
  1421 | D:2      | 1421 ||| DROPPING amulet of magic regeneration.
  1422 | D:2      | 1422 ||| UPGRADING to ring of resist corrosion.
  1423 | D:2      | 1423 ||| READING scroll labelled CUTIKIACWUI.
  1424 | D:2      | 1424 ||| READING scroll labelled QIETOMOSKI.
  1442 | D:2      | 1442 ||| READING scroll labelled FUWKES FURATS.
  1445 | D:2      | 1445 ||| READING scroll labelled QIAMMU NYIGUT.
  1446 | D:2      | 1446 ||| READING 3 scrolls of identify.
  1446 | D:2      | 1446 ||| IDENTIFYING cyan potion
  1447 | D:2      | 1447 ||| READING 2 scrolls of identify.
  1447 | D:2      | 1447 ||| IDENTIFYING gluggy clear potion
  1448 | D:2      | 1448 ||| DROPPING potion of lignification.
  1449 | D:2      | 1449 ||| DROPPING potion of brilliance.
  1528 | D:3      | Reached XP level 5. HP: 20/31 MP: 6/6
  1534 | D:3      | Reached skill level 1 in Armour
  1575 | D:3      | Identified the ring of Hoomaog {rPois rF+ Dex+6}
  2248 | D:3      | 2248 ||| UPGRADING to ring of Hoomaog {rPois rF+ Dex+6}.
  2249 | D:3      | 2249 ||| DROPPING ring of resist corrosion.
  2250 | D:3      | 2250 ||| DRINKING 2 bubbling cyan potions.
  2251 | D:3      | 2251 ||| READING 3 scrolls of identify.
  2251 | D:3      | 2251 ||| IDENTIFYING silvery potion
  2252 | D:3      | 2252 ||| READING 2 scrolls of identify.
  2252 | D:3      | 2252 ||| IDENTIFYING glowing yellow potion
  2253 | D:3      | 2253 ||| DROPPING potion of attraction.
  2254 | D:3      | 2254 ||| DROPPING potion of degeneration.
  2301 | D:4      | Found a burning altar of Makhleb.
  2304 | D:4      | Found a basalt altar of Yredelemnul.
  2305 | D:4      | Found a hide-covered altar of Uskayaw.
  2345 | D:4      | Found a stormy altar of Qazlal.
  2346 | D:4      | Found a hazy altar of Hepliaklqana.
  2348 | D:4      | Found a radiant altar of Vehumet.
  2348 | D:4      | Found a glowing golden altar of the Shining One.
  2349 | D:4      | Found an iron altar of Okawaru.
  2350 | D:4      | 2350 ||| PLANNING OKAWARU WORSHIP
  2350 | D:4      | 2350 ||| READING 2 scrolls of identify.
  2350 | D:4      | 2350 ||| IDENTIFYING coppery potion
  2352 | D:4      | Found a shimmering altar of Xom.
  2355 | D:4      | Found a shimmering blue altar of Sif Muna.
  2363 | D:4      | HP: 4/31 [iguana (9)]
  2364 | D:4      | HP: 1/31 [iguana (3)]
  2367 | D:4      | Mangled by an iguana

Levels and vault maps discovered:
D:1:      minmay_arrival_four_circles, layout_basic,
          ebering_ecumenical_altar_petrified, serial_shops, shop
D:2:      cheibrodos_old_hovel, layout_loops_ring, uniq_jessica
D:3:      layout_loops_ring
D:4:      nicolae_cairo_tiling_large_dashed, layout_loops_corners,
          nicolae_overflow_hallway_of_the_gods, nemelex_spade_bored_becter,
          minmay_temple_entry_offerings, serial_shops, shop, goddamned_bats

Skill      XL: |  1  2  3  4  5 |
---------------+----------------+-----
Ranged Weapons | 3 4 |  4.9
Fighting       | 2 |  2.3
Armour         | 1 |  1.0
Dodging        | |  1.5
Spellcasting   | |  1.0
Hexes          | |  2.6

Action                     |  1- 3 |  4- 6 || total
---------------------------+-------+-------++-------
   Fire: Sling             |   110 |   132 ||   242
    Use: Scroll            |     1 |     9 ||    10
         Potion            |       |     1 ||     1
 Armour: Robe              |    10 |       ||    10
         Leather armour    |     6 |     5 ||    11
         Ring mail         |       |    17 ||    17
  Dodge: Dodged            |    27 |    41 ||    68

Table legend:
 A = Non-vault XP
 B = Vault XP
 C = Vault XP percentage of total XP
 D = Non-vault monster count
 E = Vault monster count
 F = Vault count percentage of total count
                 A         B        C        D         E       F
            +---------+---------+-------+---------+---------+-------
      Total |     195 |      39 |  16.7 |      61 |       2 |   3.2
            +---------+---------+-------+---------+---------+-------
        D:1 |      59 |       0 |   0.0 |      27 |       0 |   0.0
        D:2 |      51 |      39 |  43.3 |      16 |       2 |  11.1
        D:3 |      83 |       0 |   0.0 |      17 |       0 |   0.0
        D:4 |       2 |       0 |   0.0 |       1 |       0 |   0.0
            +---------+---------+-------+---------+---------+-------
